[Event "FIDE Grand Prix-I Pool-B 2022"]
[Site "Berlin"]
[Date "2022.02.07"]
[Round "4.4"]
[White "Rapport, Richard"]
[Black "Wojtaszek, Radoslaw"]
[Result "1/2-1/2"]
[ECO "A50"]
[WhiteElo "2763"]
[BlackElo "2686"]
[PlyCount "115"]
[EventDate "2022.02.04"]
[EventType "tourn"]
[EventCountry "GER"]
[Source "ChessBase"]
[SourceQuality "1"]
[TimeControl "40/5400+30:1800+30"]

1. d4 Nf6 2. c4 e6 3. Bf4 d5 4. cxd5 exd5 5. e3 Bd6 6.
Bxd6 Qxd6 7. Bd3 O-O 8. Nc3 Bg4 9. Qb3 Nbd7 10. h3 Be6 11. Nf3 ({Of course not
} 11. Qxb7 Rab8 12. Qa6 Qxa6 13. Bxa6 Rxb2 $11) 11... c5 12. Qa3 ({Don't
blunder} 12. Qxb7 $2 c4 13. Bxc4 dxc4 $19) 12... Rfc8 13. O-O Qf8 14. dxc5 Nxc5
15. Ne2 Bd7 16. Nfd4 Ne6 17. Qb3 Rc7 18. Rad1 Nxd4 19. Nxd4 Rac8 20. a3 Qc5 21.
Ne2 a6 22. Nd4 Qa5 23. Ra1 h6 24. Qb4 Qxb4 25. axb4 Kf8 26. g4 Ne4 27. Rfd1 h5
28. Kg2 hxg4 29. hxg4 Nd6 30. Be2 Nc4 31. b3 Ne5 32. Kg3 Rc3 (32... Rd8 $11)
33. b5 (33. Ra5 $14 {should be considered.}) 33... axb5 34. Ra7 Nc6 35. Rxb7
Nxd4 36. Rxd4 Bc6 37. Ra7 Rxb3 38. g5 g6 39. Bf3 Rc3 40. Rf4 $1 Be8 $1 41. Bxd5
R8c7 42. Ra8 Rc8 $1 43. Ra7 (43. Rxc8 $16 Rxc8 44. Rf6) 43... R8c7 44. Rxc7 $1
Rxc7 45. Rf6 $1 b4 46. e4 Bb5 ({Better is} 46... Ba4 $14) 47. Rb6 Bc4 $1 48.
Rxb4 (48. Kf4 $16) 48... Bxd5 49. exd5 Rc5 50. Rd4 Ke7 51. d6+ Kd7 52. Kg4 Rc1
53. Kf4 Re1 54. Kg4 Rg1+ 55. Kf4 Re1 56. Rd5 Re6 57. f3 Rxd6 58. Ke4 $11
1/2-1/2